 Dungeon Crawl Stone Soup version 0.25-a0-503-ge281fa673e (console) character file.

Game seed: 6700147916586628647, levelgen mode: deterministic

1638 Kagalorn the Geomancer (level 9, -2/66 HPs)
             Began as a Human Earth Elementalist on Feb 13, 2020.
             Was a Follower of Sif Muna.
             Killed by divine providence
             ... invoked by an orc priest
              (16 damage)
             ... on level 6 of the Dungeon.
             The game lasted 00:23:29 (7409 turns).

Kagalorn the Geomancer (Human Earth Elementalist)   Turns: 7409, Time: 00:23:31

Health: -2/66      AC:  3    Str:  9    XL:     9   Next: 18%
Magic:  3/16       EV: 12    Int: 19    God:    Sif Muna [*.....]
Gold:   457        SH:  0    Dex: 13    Spells: 5/17 levels left

rFire    . . .     SeeInvis .   a - +3 dagger (flame)
rCold    . . .     Gourm    .   (no shield)
rNeg     . . .     Faith    .   c - +0 robe
rPois    .         Spirit   .   (no helmet)
rElec    .         Reflect  .   x - +0 cloak
rCorr    .         Harm     .   (no gloves)
MR       .....                  (no boots)
Stlth    +++.......             (no amulet)
HPRegen  0.21/turn              o - ring of stealth
MPRegen  0.15/turn              k - ring of wizardry

@: no status effects
A: no striking features
a: Channel Magic, Renounce Religion


You were on level 6 of the Dungeon.
You worshipped Sif Muna.
Sif Muna was aware of your devotion.
You were not hungry.

You visited 2 branches of the dungeon, and saw 7 of its levels.
You also visited: Sewer.

You collected 457 gold pieces.

Inventory:

Hand Weapons
 a - a +3 dagger of flaming (weapon)
 b - a +0 hunting sling
 w - a +0 trident
 C - a +0 quarterstaff
Missiles
 h - 44 bolts
 i - 21 poisoned darts
 l - 135 stones (quivered)
 n - 63 arrows
 t - 13 sling bullets
Armour
 c - a +0 robe (worn)
 x - a +0 cloak (worn)
Jewellery
 e - an uncursed ring of protection from cold
 k - a ring of wizardry (right hand)
 o - a ring of stealth (left hand)
 r - an uncursed ring of fire
 s - an uncursed ring of resist corrosion
Wands
 B - a wand of flame (29)
 D - a wand of iceblast (4)
Scrolls
 f - a scroll of enchant armour {unknown}
 g - 3 scrolls of teleportation
 j - a scroll of amnesia
 m - 3 scrolls of remove curse
 y - 2 scrolls of fear
 A - a scroll of enchant weapon
Potions
 p - a potion of agility
 u - 2 potions of brilliance
 v - a potion of haste
Comestibles
 d - 7 rations


   Skills:
 * Level 4.5 Fighting
 - Level 2.0 Dodging
 - Level 2.0 Stealth
 * Level 4.7 Spellcasting
 - Level 3.0 Transmutations
 + Level 8.7 Earth Magic


You had 5 spell levels left.
You knew the following spells:

 Your Spells              Type           Power        Failure   Level  Hunger
a - Sandblast             Erth           #####.       1%          1    None
b - Lee's Rapid Deconstr  Erth           #####.....   4%          5    ######.
c - Petrify               Tmut/Erth      ####....     4%          4    ####...
g - Passwall              Tmut/Erth      ####....     1%          2    #......

Your spell library contained the following spells:

 Spells                   Type           Power        Failure   Level  Hunger
 Stone Arrow              Conj/Erth      ###...       2%          3    ##.....


Dungeon Overview and Level Annotations

Branches:
Dungeon (6/15)             Temple (1/1) D:4           Sewer (visited)

Altars:
Ashenzari
Cheibriados
Dithmenos
Elyvilon
Fedhas
Hepliaklqana
Kikubaaqudgha
Nemelex Xobeh
Okawaru
Qazlal
Ru
Sif Muna
Trog
Uskayaw
Vehumet
Wu Jian
Xom
Yredelemnul
The Shining One

Annotations:
D:4 Ijyb


Message History

* * * LOW HITPOINT WARNING * * *
Casting: Sandblast (safe; 1% risk of failure)
Confirm with . or Enter, or press ? or * to list all spells.
Aiming: Sandblast (safe; 1% risk of failure)
Press: ? - help, Shift-Dir - straight line The blast of sand hits the iguana!
You kill the iguana!
Sif Muna accepts your kill.
l - 136 stones
Casting: Sandblast (safe; 1% risk of failure)
Confirm with . or Enter, or press ? or * to list all spells.
Aiming: Sandblast (safe; 1% risk of failure)
Press: ? - help, Shift-Dir - straight line The blast of sand hits the orc!
You kill the orc!
Sif Muna accepts your kill.
l - 135 stones The orc priest invokes the aid of Beogh against you.
Beogh smites you!
You die...

.... .... ... #..#
##...# #oS#.# ###
#)##.# ... # #@##.#
..# # #.##.##.# ##
#.##....# #. #.##>.#
#######.
####.#...#####.......
#.......##.....#####.
#....>#....# ##..
#.....##..## ###).#
#.....##..# #...#.


You could see an orc priest and an adder.

Vanquished Creatures
  Grinder (D:4)
  Prince Ribbit (D:6)
  Purgy (Sewer)
  A sky beast (D:5)
  A centaur (D:5)
  2 ogres (D:4)
  A bullfrog (D:5)
  A scorpion (D:5)
  2 howler monkeys (D:5)
  4 crimson imps
  An orc priest (D:4)
  A jelly (D:6)
  An iguana (D:6)
  5 worker ants
  12 adders
  A shadow imp (D:6)
  2 oozes
  5 worms
  3 dart slugs
  3 leopard geckos
  12 orcs
  A ball python (D:1)
  19 bats
  A bat zombie (D:1)
  7 giant cockroaches
  9 goblins
  11 hobgoblins
  15 jackals
  9 kobolds
  4 quokkas
  7 frilled lizards
  A giant cockroach zombie (D:1)
  A leopard gecko skeleton (D:4)
  A leopard gecko zombie (D:5)
  8 rats
155 creatures vanquished.

Notes
Turn   | Place    | Note
-------+----------+-------------------------------------------
     0 | D:1      | Kagalorn the Human Earth Elementalist began the quest for
                  | the Orb.
     0 | D:1      | Reached XP level 1. HP: 13/13 MP: 3/3
   450 | D:1      | Reached XP level 2. HP: 16/19 MP: 5/5
   733 | D:1      | Reached skill level 4 in Earth Magic
   733 | D:1      | Reached XP level 3. HP: 21/24 MP: 4/6
   784 | D:1      | Learned a level 2 spell: Passwall
  1688 | D:2      | Reached XP level 4. HP: 16/30 MP: 7/7
  1981 | D:2      | Reached XP level 5. HP: 16/35 MP: 5/8
  2542 | D:2      | Reached skill level 5 in Earth Magic
  2778 | D:2      | Learned a level 4 spell: Petrify
  3579 | D:3      | Reached XP level 6. HP: 24/41 MP: 9/9
  4002 | D:4      | Noticed Ijyb
  4058 | D:4      | Reached skill level 6 in Earth Magic
  4329 | D:4      | Noticed an ogre
  4349 | D:4      | Killed an ogre
  4370 | D:4      | Reached XP level 7. HP: 46/46 MP: 2/10
  4498 | D:4      | Reached skill level 7 in Earth Magic
  4589 | D:4      | Noticed Grinder
  4591 | D:4      | Paralysed by Grinder for 4 turns
  4611 | D:4      | Killed Grinder
  4611 | D:4      | Reached skill level 8 in Earth Magic
  5052 | D:4      | Found a staircase to the Ecumenical Temple.
  5063 | Temple   | Entered the Ecumenical Temple
  5227 | Temple   | Became a worshipper of Sif Muna the Loreminder
  5480 | D:4      | Reached XP level 8. HP: 53/53 MP: 11/11
  5546 | D:4      | Found a shimmering altar of Xom.
  5597 | D:4      | Reached skill level 1 in Fighting
  5810 | D:5      | Entered Level 5 of the Dungeon
  6049 | D:5      | Found a glowing drain.
  6076 | Sewer    | Entered a sewer
  6118 | Sewer    | Learned a level 5 spell: Lee's Rapid Deconstruction
  6120 | Sewer    | Noticed Purgy
  6142 | Sewer    | Killed Purgy
  6407 | D:5      | Found a radiant altar of Vehumet.
  6598 | D:5      | Reached * piety under Sif Muna
  7221 | D:6      | Noticed Prince Ribbit
  7235 | D:6      | Killed Prince Ribbit
  7235 | D:6      | Reached XP level 9. HP: 11/65 MP: 11/15
  7236 | D:6      | HP: 1/65 [crimson imp (3)]
  7365 | D:6      | Found a sparkling altar of Nemelex Xobeh.
  7409 | D:6      | Killed from afar by an orc priest

Levels and vault maps discovered:
D:1:      saegor_arrival_fortress, layout_basic
D:2:      layout_basic, serial_forest, infiniplex_forest_fountain,
          infiniplex_forest_lined_room_, infiniplex_forest_clump_long,
          infiniplex_forest_lined_2, infiniplex_forest_straight_2, minmay_vboxes
D:3:      minmay_razor_zed, layout_rooms, serial_rivers,
          chequers_serial_rivers_room_a, chequers_serial_rivers_small_b,
          chequers_serial_rivers_small_3, chequers_serial_rivers_small_b
D:4:      layout_rooms, minmay_temple_entry_grid, first_ration, led_xom_imps,
          uniq_grinder, uniq_ijyb
D:5:      minmay_chambers_of_threes, layout_gridville, vehumet_altar_wand_db,
          portal_sewer_entry_d
D:6:      layout_rooms, enter_ossuary_1, nemelex_xobeh_ov_fountains_minmay,
          uniq_prince_ribbit1
Temple:   regret_index_temple_mists

Skill      XL: |  1  2  3  4  5  6  7  8 |
---------------+-------------------------+-----
Earth Magic    | 4 5 6 8 |  8.7
Transmutations | 2 3 |  3.0
Fighting       | 4 |  4.5
Spellcasting   | 4 |  4.7
Dodging        | |  2.0
Stealth        | |  2.0

Action                   |  1- 3 |  4- 6 |  7- 9 || total
-------------------------+-------+-------+-------++-------
Melee: Unarmed           |    31 |       |       ||    31
       Mace              |    88 |    94 |       ||   182
       Dagger            |       |    81 |   210 ||   291
       Trident           |       |    39 |       ||    39
 Cast: Sandblast         |     9 |    42 |    30 ||    81
       Petrify           |       |     2 |    17 ||    19
       Lee's Rapid Decon |       |       |     3 ||     3
  Use: Scroll            |       |     4 |    10 ||    14
       Potion            |       |     1 |     2 ||     3
 Stab: Sleeping          |     3 |     4 |     3 ||    10
       Distracted        |       |     2 |       ||     2
       Petrified         |       |     7 |    69 ||    76
       Petrifying        |       |       |     1 ||     1
  Eat: Chunk             |     2 |    11 |    11 ||    24
       Ration            |       |       |     1 ||     1
Armor: Robe              |    30 |    60 |    39 ||   129
       Skin              |       |       |    15 ||    15
Dodge: Dodged            |    83 |   167 |   112 ||   362

Table legend:
 A = Non-vault XP
 B = Vault XP
 C = Vault XP percentage of total XP
 D = Non-vault monster count
 E = Vault monster count
 F = Vault count percentage of total count
                 A         B        C        D         E       F
            +---------+---------+-------+---------+---------+-------
      Total |    1326 |    1015 |  43.4 |     115 |      40 |  25.8
            +---------+---------+-------+---------+---------+-------
        D:1 |      56 |       3 |   5.1 |      28 |       2 |   6.7
        D:2 |     120 |      32 |  21.1 |      31 |       6 |  16.2
        D:3 |      76 |      53 |  41.1 |      17 |      15 |  46.9
        D:4 |     398 |     386 |  49.2 |      19 |       3 |  13.6
        D:5 |     567 |     125 |  18.1 |      13 |       7 |  35.0
        D:6 |     109 |     274 |  71.5 |       7 |       1 |  12.5
      Sewer |       0 |     142 | 100.0 |       0 |       6 | 100.0
            +---------+---------+-------+---------+---------+-------
